Map: [ESL] Inside and Out

Players

ShoWTimE

  • Race: Protoss Protoss
  • League: Master
  • Spawn Location: 7:00

Serral - Winner!

  • Race: Zerg Zerg
  • League: Grandmaster
  • Spawn Location: 1:00

Event: TSL 9

VOD

Have the link to the VOD?

Description

Time

  • Played on: Sept. 4, 2022, 8:21 a.m.
  • Length: 10:42

All games in this series

Show
View Real Time Build Order
Export as new Build Order

ShoWTimE Protoss 

Build Orders: 1 Gate Expand, Oracle Opening 

Get SALT Encoding   

  12  0:00  Probe  
  13  0:12  Probe  
  14  0:17  Pylon  
  14  0:24  Probe (Chrono Boost)  
  15  0:36  Probe (Chrono Boost)  
  15  0:37  Gateway  
  16  0:44  Probe (Chrono Boost)  
  16  0:47  Assimilator  
  17  0:51  Probe  
  18  1:03  Probe  
  19  1:15  Probe  
  20  1:23  Nexus  
  20  1:27  Probe  
  21  1:38  Cybernetics Core  
  21  1:42  Assimilator  
  21  1:46  Probe  
  22  1:52  Pylon  
  22  1:58  Probe  
  23  2:10  Probe (Chrono Boost)  
  23  2:14  Adept  
  26  2:16  Stargate  
  26  2:19  Probe (Chrono Boost)  
  21  2:22  Warp Gate  
  27  2:26  Probe (Chrono Boost)  
  28  2:35  Probe (Chrono Boost)  
  29  2:43  Probe (Chrono Boost)  
  31  2:44  Probe (Chrono Boost)  
  31  2:45  Stalker  
  31  2:49  Probe x2 (Chrono Boost)  
  34  2:56  Oracle (Chrono Boost)  
  35  3:01  Probe x2  
  35  3:05  Pylon  
  40  3:13  Probe x2  
  42  3:23  Oracle (Chrono Boost)  
  42  3:25  Probe x2  
  47  3:36  Nexus  
  47  3:38  Probe  
  47  3:39  Probe  
  49  3:43  Pylon  
  49  3:50  Probe  
  49  3:51  Oracle (Chrono Boost), Probe  
  54  3:59  Assimilator  
  54  4:01  Assimilator  
  54  4:02  Probe  
  55  4:03  Probe  
  55  4:06  Pylon  
  56  4:14  Probe  
  56  4:15  Probe  
  56  4:16  Forge  
  58  4:17  Twilight Council  
  58  4:26  Probe  
  58  4:27  Probe  
  60  4:33  Gateway  
  60  4:34  Gateway  
  60  4:35  Adept  
  60  4:36  Protoss Ground Weapons Level 1 (Chrono Boost)  
  61  4:38  Probe (Chrono Boost)  
  61  4:40  Probe (Chrono Boost)  
  61  4:42  Pylon  
  62  4:48  Probe (Chrono Boost)  
  62  4:51  Probe (Chrono Boost)  
  62  4:52  Probe (Chrono Boost)  
  65  4:56  Stalker  
  65  4:57  Probe (Chrono Boost)  
  65  4:58  Probe x2 (Chrono Boost)  
  70  5:00  Pylon  
  70  5:02  Probe (Chrono Boost)  
  70  5:04  Probe  
  70  5:05  Charge (Chrono Boost)  
  70  5:06  Probe  
  73  5:14  Probe  
  73  5:15  Pylon  
  73  5:17  Probe  
  73  5:18  Probe  
  73  5:20  Sentry  
  78  5:25  Gateway  
  78  5:26  Gateway, Probe  
  79  5:28  Sentry  
  79  5:31  Probe  
  82  5:39  Gateway  
  82  5:40  Gateway  
  82  5:42  Gateway  
  82  5:46  Shield Battery, Stalker x2  
  86  5:51  Stalker  
  88  6:06  Pylon  
  88  6:12  Stalker x2  
  88  6:14  Nexus  
  88  6:15  Pylon  
  92  6:20  Zealot x3  
  92  6:23  Pylon  
  92  6:25  Protoss Ground Weapons Level 2 (Chrono Boost)  
  98  6:26  Pylon  
  98  6:33  Zealot  
  98  6:37  Shield Battery  
  98  6:38  Zealot x3  
  106  6:41  Zealot x4  
  114  6:47  Photon Cannon  
  114  6:48  Probe x2  
  114  6:49  Probe  
  117  6:58  Zealot x4  
  125  7:02  Pylon  
  125  7:04  Blink (Chrono Boost)  
  125  7:05  Zealot x3  
  131  7:11  Probe x2  
  133  7:19  Pylon  
  133  7:20  Templar Archives, Probe  
  134  7:23  Probe x2  
  134  7:27  Probe, Pylon  
  136  7:30  Assimilator  
  136  7:32  Probe  
  136  7:35  Probe x2, Assimilator  
  139  7:40  Probe  
  139  7:43  Shield Battery  
  140  7:44  Probe  
  140  7:46  Photon Cannon  
  140  7:48  Probe  
  140  7:49  Gateway  
  140  7:50  Gateway  
  142  7:52  Probe  
  142  7:55  Gateway, Probe  
  144  7:59  Probe  
  144  8:03  High Templar x8  
  144  8:04  Probe  
  152  8:07  Archon x4  
  152  8:08  Psionic Storm  
  152  8:10  Probe  
  152  8:11  Probe x2, Assimilator  
  133  8:15  Assimilator  
  129  8:23  Photon Cannon  
  129  8:30  Photon Cannon x2  
  129  8:31  Shield Battery  
  129  8:32  Photon Cannon x2  
  129  8:34  Shield Battery  
  129  8:36  High Templar x2  
  129  8:37  Photon Cannon  
  129  8:38  Zealot x3  
  139  8:41  Shield Battery  
  139  8:42  High Templar  
  139  8:43  Pylon  
  139  8:44  Zealot x2  
  139  8:45  Protoss Shields Level 1 (Chrono Boost)  
  145  8:49  Shield Battery  
  145  8:53  Pylon  
  145  8:55  High Templar  
  145  9:02  Photon Cannon  
  147  9:03  Shield Battery  
  147  9:05  Sentry, Stalker x2  
  143  9:12  Stalker x3  
  147  9:19  Stalker x3  
  151  9:28  Zealot x3  
  133  9:32  Archon  
  133  9:37  Zealot  
  133  9:38  Zealot x2  
  119  9:41  Shield Battery  
  119  9:42  Shield Battery, High Templar x3  
  119  9:44  Shield Battery  
  125  9:48  Gateway  
  125  9:49  Photon Cannon, High Templar  
  125  9:51  Photon Cannon  
  127  9:57  Zealot x3  
  133  10:05  Zealot x3  
  127  10:16  Archon x2  
  127  10:19  Stalker x5  
  127  10:20  Stalker  
  122  10:22  Zealot  
  107  10:30  Zealot x2  
  107  10:31  Zealot  
  107  10:34  Pylon  
Show
View Real Time Build Order
Export as new Build Order

Serral Zerg - Winner!

Build Orders: Hatch First 

Get SALT Encoding   

  12  0:00  Drone  
  13  0:11  Overlord  
  13  0:16  Drone  
  14  0:30  Drone x2  
  16  0:47  Hatchery  
  15  0:51  Drone  
  15  0:55  Drone  
  17  0:58  Drone  
  18  1:09  Extractor  
  17  1:14  Spawning Pool  
  17  1:17  Drone  
  17  1:21  Drone  
  18  1:27  Drone  
  19  1:38  Drone  
  20  1:49  Overlord  
  20  2:01  Queen x2  
  22  2:03  Zergling x4  
  26  2:11  Drone x2  
  26  2:13  Metabolic Boost  
  28  2:20  Drone  
  28  2:22  Drone  
  30  2:33  Drone  
  31  2:38  Hatchery  
  31  2:42  Drone  
  31  2:46  Queen  
  31  2:51  Overlord  
  33  2:53  Drone  
  33  2:56  Drone  
  33  2:58  Drone  
  36  3:04  Overlord  
  36  3:08  Queen  
  36  3:10  Drone  
  36  3:12  Drone  
  40  3:14  Drone  
  40  3:16  Drone  
  40  3:18  Drone  
  43  3:20  Drone  
  43  3:22  Drone  
  43  3:27  Queen  
  45  3:29  Drone  
  45  3:31  Drone  
  49  3:34  Drone  
  49  3:39  Overlord  
  49  3:41  Zergling x4  
  52  3:49  Queen  
  52  3:51  Spore Crawler  
  52  3:52  Spore Crawler, Zergling x4  
  54  3:57  Drone  
  54  3:58  Drone x2  
  54  4:00  Drone  
  58  4:03  Drone x2  
  58  4:08  Evolution Chamber  
  58  4:09  Zergling x2  
  60  4:10  Drone x2  
  60  4:13  Drone x2  
  60  4:15  Drone  
  60  4:16  Drone  
  66  4:19  Overlord  
  66  4:24  Overlord  
  66  4:25  Overlord  
  65  4:34  Zerg Melee Weapons Level 1  
  65  4:38  Zergling x2  
  66  4:39  Drone x6  
  66  4:43  Baneling Nest, Drone  
  66  4:44  Drone  
  73  4:56  Drone x3  
  73  4:59  Drone  
  77  5:01  Drone  
  77  5:03  Drone x4, Hatchery  
  80  5:07  Extractor  
  80  5:08  Extractor  
  80  5:11  Lair  
  80  5:12  Drone x5, Extractor  
  82  5:18  Overlord x2  
  82  5:19  Extractor  
  81  5:22  Spore Crawler  
  81  5:24  Drone  
  81  5:25  Overlord  
  81  5:35  Queen  
  81  5:38  Drone  
  81  5:39  Drone x6  
  81  5:41  Drone  
  91  5:45  Drone  
  91  5:49  Overlord  
  93  5:50  Zergling x10  
  97  6:00  Overlord  
  97  6:02  Zergling x8  
  101  6:11  Hydralisk Den  
  100  6:13  Baneling x4  
  100  6:14  Drone x3  
  100  6:15  Drone x2  
  105  6:22  Hydralisk Den  
  105  6:26  Zergling x24  
  105  6:30  Drone  
  105  6:32  Spore Crawler  
  116  6:33  Overlord  
  116  6:34  Zerg Melee Weapons Level 2  
  116  6:36  Centrifugal Hooks  
  116  6:41  Zergling x8  
  116  6:44  Zergling x2  
  116  6:46  Overlord  
  121  6:52  Overlord  
  121  6:54  Zergling x8  
  121  6:55  Zergling x2  
  121  6:56  Overlord  
  121  6:59  Zergling x12  
  132  7:02  Muscular Augments  
  132  7:06  Hatchery  
  129  7:09  Baneling x8  
  129  7:11  Zergling x2  
  129  7:12  Zergling x10  
  133  7:25  Hydralisk x9  
  133  7:29  Overlord x3  
  147  7:30  Overlord  
  147  7:38  Hydralisk x2  
  147  7:40  Overlord x2  
  147  7:41  Overlord  
  151  7:47  Hydralisk  
  151  7:48  Hydralisk x2  
  157  7:51  Drone  
  157  7:52  Drone x3  
  157  7:55  Hydralisk  
  157  7:56  Zergling x4  
  165  7:59  Zergling x8  
  164  8:06  Baneling x2  
  164  8:07  Baneling x4  
  148  8:13  Zergling x18, Grooved Spines  
  148  8:16  Hatchery  
  155  8:20  Zergling x10  
  155  8:23  Zergling x2  
  161  8:29  Zergling x14  
  161  8:30  Baneling x11  
  161  8:31  Baneling  
  168  8:38  Zergling x12  
  174  8:43  Zergling x6  
  177  8:48  Baneling x5  
  177  8:49  Baneling x12  
  177  8:52  Extractor  
  177  8:53  Infestation Pit, Extractor  
  177  8:54  Drone  
  177  8:55  Drone x3  
  178  8:58  Zergling x16  
  183  9:08  Zergling x12  
  182  9:11  Zergling x2  
  182  9:12  Zergling x2  
  182  9:16  Zergling x8  
  175  9:22  Zergling x4  
  175  9:24  Zergling x10  
  171  9:27  Zergling x2  
  171  9:28  Zergling x4  
  171  9:30  Zergling x10  
  163  9:37  Zergling x2  
  163  9:38  Zergling x4  
  150  9:39  Zergling x2  
  150  9:44  Baneling x15  
  148  9:47  Hydralisk x3  
  148  9:48  Hydralisk x2  
  148  9:50  Baneling x7  
  148  9:52  Zergling x8  
  162  9:55  Zergling x12  
  168  10:04  Baneling x10  
  165  10:11  Zergling x16  
  164  10:18  Zergling x18  
  155  10:33  Lurker Den  
Tags
 
Add a new tag
Caveats
  • Supply blocks, unpowered buildings, or Contaminate may cause inaccurate times.
  • Supply counts are checked every 10 seconds.